 Dungeon Crawl Stone Soup version 0.31.0-11-ge490571c62 (webtiles) character file.

Game seed: 8598530624104279484

304 wingedge the Digger (level 5, 0/38 HPs)
             Began as a Demigod Earth Elementalist on Feb 9, 2024.
             Slain by a gnoll bouda
             ... wielding a +0 club
              (11 damage)
             ... on level 3 of the Dungeon.
             The game lasted 00:08:16 (2776 turns).

wingedge the Digger (Demigod Earth Elementalist)    Turns: 2776, Time: 00:08:17

Health: 0/38       AC:  2    Str:  9    XL:     5   Next: 92%
Magic:  2/13       EV: 12    Int: 21    God:
Gold:   129        SH:  0    Dex: 14    Spells: 7/11 levels left

rFire   . . .        j - +0 spear
rCold   . . .        (no shield)
rNeg    . . .        a - +0 robe
rPois   .            (no helmet)
rElec   .            (no cloak)
rCorr   .            (no gloves)
SInv    .            (no boots)
Will    .....        (no amulet)
Stlth   +            (no ring)
HPRegen 0.26/turn    (no ring)
MPRegen 0.13/turn

%: no passive effects
@: confused, weakened
A: high MP 1, forlorn, divine attributes
a: no special abilities


You were on level 3 of the Dungeon.
You visited 1 branch of the dungeon, and saw 3 of its levels.

You collected 129 gold pieces.

Inventory:

Hand Weapons
 j - a +0 spear (weapon)
Missiles
 m - 3 boomerangs
Armour
 a - a +0 robe (worn)
 d - a +0 leather armour
 f - a +0 ring mail
Scrolls
 g - a scroll of teleportation {unknown}
 i - a scroll of amnesia {unknown}
 l - a scroll of poison {unknown}
 n - a scroll of fog {unknown}
Potions
 h - 3 potions of heal wounds


   Skills:
 - Level 1.7 Dodging
 - Level 1.7 Stealth
 + Level 3.5 Spellcasting
 + Level 3.4 Conjurations
 - Level 4.0 Earth Magic


You had 7 spell levels left.
You knew the following spells:

 Your Spells              Type           Power      Damage    Failure   Level
a - Sandblast             Erth           40%        2d10      2%          1
b - Stone Arrow           Conj/Erth      38%        3d9       9%          3

Your spell library contained the following spells:

 Spells                   Type           Power      Damage    Failure   Level
 Passwall                 Erth           20%        N/A       8%          3
 Brom's Barrelling Bould  Conj/Erth      19%        2d4       26%         4
 Petrify                  Alch/Erth      12%        N/A       50%         4


Dungeon Overview and Level Annotations

Branches:
Dungeon (3/15)

Annotations:
D:3 1 transporter, TheBioAlchemist's ghost, amateur SpEn


Innate Abilities, Weirdness & Mutations

You have an increased reservoir of magic. (+10% MP)
You shall have no god before yourself.
Your divine heritage dramatically boosts your attributes as you level up.


Message History

You resist with some effort.
TheBioAlchemist's ghost casts a spell at you.
You fall asleep.
TheBioAlchemist's ghost points at you and mumbles some strange words.
You wake up.
You are confused.
Press: ? - help, v - describe, . - travel
Here: a gnoll bouda, wielding a +0 club, wearing a +0 leather armour and wearing a ring of magical power The floor.
Unknown command.
Press: ? - help, v - describe, . - travel
Here: TheBioAlchemist's ghost An open translucent door.
Unknown command.
You bump into the stone wall.
The gnoll bouda hits you with a +0 club!
You feel much better.
The gnoll bouda hits you with a +0 club.
You are too confused!
You bump into the stone wall.
The gnoll bouda hits you with a +0 club!
TheBioAlchemist's ghost closely misses you.
You bump into the stone wall.
The gnoll bouda hits you with a +0 club.
TheBioAlchemist's ghost completely misses you.
You feel less confused.
TheBioAlchemist's ghost points at you and mumbles some strange words.
You are confused.
You see here a +0 club.
You hit the gnoll bouda but do no damage.
The gnoll bouda gazes fiercely through you!
You feel your attacks grow feeble.
The gnoll bouda hits you with a +0 club!
TheBioAlchemist's ghost hits you.
* * * LOW HITPOINT WARNING * * *
The gnoll bouda barely misses you.
The gnoll bouda gazes fiercely through you!
You feel as though you will be weak longer.
The gnoll bouda hits you with a +0 club!
You die...

...)..#.# #.#..###.##
^.###.#.####.#.......#######
..#........................#
..#...#....................#
#.#...#.≈≈≈≈≈≈≈≈~≈≈≈≈≈≈≈≈..#
#.#.....≈≈≈≈≈≈≈≈~≈≈≈≈≈≈≈≈..#
..#.###.≈≈####.....####≈≈..#
..#.# #.≈≈#..#8###8#..#≈≈..#
....# #.≈≈#..###@###.?#≈≈..#
....# #.≈≈#....gW.....#≈≈..#
.##.# #.≈≈###.##'##.###≈≈..#
.#### #.≈≈..#.#...#.#..≈≈..#
## #.≈≈.##.'.).'.##.≈≈..#
#.≈≈.#..#...#.©#.≈≈..#
#.≈≈.##.##|##.##.≈≈..#
#.≈≈..#.#...#.#.....##
#.~~.©#.'.©$).#©....#


You could see a gnoll bouda and TheBioAlchemist's ghost.

Vanquished Creatures
  A howler monkey (D:3)
  An orc priest (D:3)
  A bombardier beetle (D:3)
  An orc wizard (D:3)
  6 gnolls (D:3)
  6 adders
  2 dart slugs
  10 orcs (D:3)
  6 ball pythons
  4 bats
  6 endoplasms
  3 goblins
  3 hobgoblins
  3 jackals (D:1)
  A quokka (D:3)
  3 frilled lizards
  2 kobolds
  3 rats
62 creatures vanquished.

Notes
Turn   | Place    | Note
-------+----------+-------------------------------------------
     0 | D:1      | wingedge the Demigod Earth Elementalist began the quest for
                  | the Orb.
     0 | D:1      | Reached XP level 1. HP: 14/14 MP: 5/5
   210 | D:1      | Reached skill level 3 in Earth Magic
   299 | D:1      | Reached XP level 2. HP: 20/20 MP: 4/7
   967 | D:2      | Reached XP level 3. HP: 26/26 MP: 5/8
   996 | D:2      | Learned a level 3 spell: Stone Arrow
  1111 | D:2      | Reached skill level 4 in Earth Magic
  1135 | D:2      | Reached skill level 1 in Conjurations
  1680 | D:3      | Reached XP level 4. HP: 33/33 MP: 5/10
  2035 | D:3      | Identified the +2 robe of the Fiddle {Harm MP-9 Dex+8
                  | Stlth-}
  2109 | D:3      | Reached XP level 5. HP: 38/38 MP: 10/12
  2306 | D:3      | Identified the +6 spear of Uttej {pain, rPois rC+ Will-}
  2688 | D:3      | Found a transporter.
  2689 | D:3      | Found a transporter.
  2755 | D:3      | Noticed TheBioAlchemist's ghost (amateur SpEn)
  2776 | D:3      | Slain by a gnoll bouda

Illustrated notes

Levels and vault maps discovered:
D:1:      beargit_arrival_diablo_church, layout_basic, chequers_arboretum
D:2:      layout_loops_ring, minmay_pentomino_x2
D:3:      layout_basic, mainiacjoe_overflow_alcove_2,
          gammafunk_ghost_gnarly_gnolls

Skill      XL: |  1  2  3  4  5 |
---------------+----------------+-----
Earth Magic    | 3 4 |  4.0
Conjurations   | 1 2 3 |  3.4
Spellcasting   | 2 3 |  3.5
Dodging        | |  1.7
Stealth        | |  1.7

Action                     |  1- 3 |  4- 6 || total
---------------------------+-------+-------++-------
  Melee: Unarmed           |     2 |       ||     2
         Spear             |       |     4 ||     4
   Cast: Sandblast         |    41 |    47 ||    88
         Stone Arrow       |       |     8 ||     8
    Use: Scroll            |     1 |     2 ||     3
         Potion            |       |     4 ||     4
 Armour: Robe              |     3 |    15 ||    18
  Dodge: Dodged            |     5 |    13 ||    18
